 Dungeon Crawl Stone Soup version 0.30-a0-162-g2ba88f6271 (webtiles) character file.

Game seed: 3796037189731989072

81 Essalna the Trooper (level 4, -1/37 HPs)
             Began as a Demonspawn Berserker on Sept 28, 2022.
             Was a Believer of Trog.
             Succumbed to an adder's poison
             ... on level 2 of the Dungeon.
             The game lasted 00:01:53 (1854 turns).

Essalna the Trooper (Demonspawn Berserker)          Turns: 1854, Time: 00:01:53

Health: -1/37      AC:  3    Str: 19    XL:     4   Next: 20%
Magic:  4/4        EV: 12    Int: 10    God:    Trog [**....]
Gold:   60         SH:  0    Dex: 13    Spells: 3/3 levels left

rFire   . . .      SeeInvis +    a - +0 hand axe
rCold   . . .      Faith    .    (no shield)
rNeg    . . .      Spirit   .    b - +0 animal skin
rPois   .          Reflect  .    (no helmet)
rElec   .          Harm     .    e - +0 cloak
rCorr   .          Rampage  .    (no gloves)
Will    .....                    (no boots)
Stlth   +.........               (no amulet)
HPRegen 0.12/turn                h - ring of see invisible
MPRegen 0.09/turn                (no ring)

@: lethally poisoned (-1 -> -8)
A: hooves 1, big brain 1
a: Renounce Religion, Berserk, Trog's Hand


You were on level 2 of the Dungeon.
You worshipped Trog.
Trog was pleased with you.
You visited 1 branch of the dungeon, and saw 2 of its levels.

You collected 60 gold pieces.

Inventory:

Hand Weapons
 a - a +0 hand axe (weapon)
Armour
 b - a +0 animal skin (worn)
 e - a +0 cloak (worn)
Jewellery
 f - a +6 ring of intelligence
 h - a ring of see invisible (left hand)
Scrolls
 g - a scroll of identify {unknown}
 i - a scroll of enchant armour {unknown}
Potions
 c - a potion of lignification {unknown}
 d - a potion of brilliance {unknown}


   Skills:
 + Level 4.1 Fighting
 + Level 3.7 Axes
 - Level 1.7 Armour
 - Level 1.7 Dodging


You had 3 spell levels left.
You didn't know any spells.
Your spell library was empty.

Dungeon Overview and Level Annotations

Branches:
Dungeon (2/15)

Altars:


Innate Abilities, Weirdness & Mutations

You have large cloven feet.
You have an unusually large brain. (Int +2)


Message History

You barely miss the adder. You miss the jackal. The jackal closely misses you.
The adder barely misses you. The jackal bites you.
Your Fighting skill increases to level 4!
You have reached level 4!
You feel agile.
Your demonic ancestry asserts itself...
Your brain expands.
Okay, then.
The adder bites you but does no damage. The jackal closely misses you.
The hobgoblin closely misses you. The adder closely misses you.
The jackal bites you but does no damage.
The hobgoblin hits you. The adder barely misses you.
The jackal completely misses you. The hobgoblin barely misses you.
The adder bites you but does no damage. The jackal barely misses you.
The jackal misses you. The adder bites you but does no damage.
The hobgoblin misses you. The jackal bites you. The adder closely misses you.
The hobgoblin hits you.
The jackal bites you but does no damage.
The adder bites you.
* * * LOW HITPOINT WARNING * * *
The jackal misses you. The hobgoblin hits you.
* * * LOW HITPOINT WARNING * * *
The adder barely misses you. The jackal barely misses you.
The adder bites you but does no damage. The hobgoblin closely misses you.
The jackal barely misses you. The adder bites you.
* * * LOW HITPOINT WARNING * * *
You are poisoned.
The adder poisons you! The hobgoblin barely misses you.
The jackal closely misses you. The adder closely misses you.
You feel sick. The jackal barely misses you. The hobgoblin hits you.
* * * LOW HITPOINT WARNING * * *
The adder completely misses you.
You feel sick. The jackal barely misses you. The hobgoblin barely misses you.
The adder bites you.
* * * LOW HITPOINT WARNING * * *
You are more poisoned.
The adder poisons you! The jackal misses you.
You die...

#######
###......#####...#.....
###............#....##
#...#.######...#....#
...<..# #........#
......######.#..#...
#.###....##......#...
....................
...##.S..###...#.....
......g@.# #.........
......h...##...###...
................. ...
.....##.#.#....### ..
..... #.#......# ....
...#.....# ... ##.
.##.. ... . ..


You could see an adder, a jackal and a hobgoblin.

Vanquished Creatures
  Jessica (D:2)
  An adder (D:2)
  4 bats
  5 endoplasms (D:1)
  A giant cockroach (D:1)
  2 goblins
  6 hobgoblins
  12 jackals
  A ball python (D:1)
  2 frilled lizards (D:1)
  3 kobolds
  A rat (D:1)
39 creatures vanquished.

Vanquished Creatures (others)
  A plant (D:1)
1 creature vanquished.

Grand Total: 40 creatures vanquished

Notes
Turn   | Place    | Note
-------+----------+-------------------------------------------
     0 | D:1      | Essalna the Demonspawn Berserker began the quest for the
                  | Orb.
     0 | D:1      | Reached XP level 1. HP: 18/18 MP: 1/1
   203 | D:1      | Gained mutation: You have large cloven feet. [demonic
                  | ancestry]
   203 | D:1      | Reached XP level 2. HP: 12/24 MP: 2/2
   589 | D:1      | Reached ** piety under Trog
   930 | D:1      | Reached XP level 3. HP: 21/29 MP: 3/3
  1833 | D:2      | Noticed Jessica
  1843 | D:2      | Killed Jessica
  1844 | D:2      | Reached skill level 4 in Fighting
  1844 | D:2      | Gained mutation: You have an unusually large brain. (Int
                  | +2) [demonic ancestry]
  1844 | D:2      | Reached XP level 4. HP: 16/37 MP: 4/4
  1853 | D:2      | HP: 1/37 [adder (4)]
  1854 | D:2      | Succumbed to an adder's poison

Illustrated notes

Levels and vault maps discovered:
D:1:      elethiomel_arrival_infinity_welcomes_careful_drivers, layout_basic,
          serial_bayou_pond_d
D:2:      layout_rooms, hellmonk_ecumenical_altar_arch_garden,
          skrybe_limestone_x, uniq_jessica

Skill      XL: |  1  2  3 |
---------------+----------+-----
Axes           | 3 |  3.7
Fighting       | 4 |  4.1
Armour         | |  1.7
Dodging        | |  1.7

Action                   |  1- 3 |  4- 6 || total
-------------------------+-------+-------++-------
Melee: Hand axe          |    95 |       ||    95
       Kick              |    22 |       ||    22
 Stab: Sleeping          |     3 |       ||     3
Armor: Animal skin       |    23 |     6 ||    29
Dodge: Dodged            |    88 |    23 ||   111

Table legend: (Time is in decaauts)
 A = Elapsed time spent in this place.
 B = Non-inter-level travel time spent in this place.
 C = Inter-level travel time spent in this place.
 D = Time resting spent in this place.
 E = Time spent auto-exploring this place.
 F = Levels seen in this place.
 G = Mean time per level.
                   A        B        C        D        E       F      G
               +--------+--------+--------+--------+--------+-----+--------+
         Total |   1866 |   1862 |      4 |      0 |   1642 |   2 |  933.0 |
       Dungeon |   1866 |   1862 |      4 |      0 |   1642 |   2 |  933.0 |
               +--------+--------+--------+--------+--------+-----+--------+

Top non-repeatable levels by time:
     D:1: 1494 daAuts
     D:2: 371 daAuts
